 Dungeon Crawl Stone Soup version 0.27-a0-1384-g1422d76b99 (webtiles) character file.

Game seed: 12972001769782671646

22335 Tocho the Unseen (level 12, 0/68 HPs)
             Began as a Vampire Gladiator on June 29, 2021.
             Was a High Priest of Makhleb.
             Slain by a demonic crawler (6 damage)
             ... on level 2 of the Lair of Beasts on June 30, 2021.
             The game lasted 00:43:50 (12703 turns).

Tocho the Unseen (Vampire Gladiator)               Turns: 12703, Time: 00:43:51

Health: 0/68       AC: 18    Str: 15    XL:     12   Next: 62%
Magic:  22/22      EV: 15    Int: 17    God:    Makhleb [*****.]
Gold:   150        SH:  0    Dex: 16    Spells: 19/25 levels left

rFire    . . .     SeeInvis +   P - +6 rapier "Lija" {vorpal, rN+ Will+ Stlth+}
rCold    + + +     Faith    .   (no shield)
rNeg     + + +     Spirit   .   r - +5 leather armour of the Beekeeper {rF- rC+ Regen+ rCorr}
rPois    ∞         Reflect  .   L - +2 hat
rElec    .         Harm     .   n - +1 cloak
rCorr    +         Rampage  .   (no gloves)
Will     ++...                  (no boots)
Stlth    +++++++++.             M - amulet of regeneration
HPRegen  0.00/turn              s - ring "Roggatuimy" {rF+ AC+4 Int+4}
MPRegen  0.18/turn              (no ring)

@: about to teleport, bloodless
A: bloodless, fangs 3, see invisible, vampiric 2, iridescent scales 1
a: Bat Form, Revivify, Renounce Religion, Minor Destruction, Lesser Servant of
Makhleb, Major Destruction, Greater Servant of Makhleb


You were on level 2 of the Lair of Beasts.
You worshipped Makhleb.
Makhleb was extremely pleased with you.
You visited 4 branches of the dungeon, and saw 14 of its levels.
You also visited: Ossuary.

You collected 903 gold pieces.
You spent 753 gold pieces at shops.

Inventory:

Hand Weapons
 a - a +0 rapier
 j - a +1 short sword of electrocution
 C - a +3 falchion
 P - the +6 rapier "Lija" (weapon) {vorpal, rN+ Will+ Stlth+}
   (You bought it in a shop on level 8 of the Dungeon)

   It inflicts extra damage upon your enemies.
   rN:        It protects you from negative energy.
   Will:      It increases your willpower.
   Stlth:     It makes you more stealthy.
Missiles
 d - 3 throwing nets
 l - 12 poisoned darts
 t - 2 curare-tipped darts
 x - 5 boomerangs of dispersal
Armour
 n - a +1 cloak (worn)
 r - the +5 leather armour of the Beekeeper (worn) {rF- rC+ Regen+ rCorr}
   (You found it on level 5 of the Dungeon)

   rF:        It makes you vulnerable to fire.
   rC:        It protects you from cold.
   Regen:     It increases your rate of health regeneration.
   rCorr:     It protects you from acid and corrosion.
 L - a +2 hat (worn)
Magical Staves
 Q - a staff of conjuration
Jewellery
 b - a ring of see invisible
 s - the ring "Roggatuimy" (left hand) {rF+ AC+4 Int+4}
   (You found it on level 5 of the Dungeon)

   [ring of protection]

   AC:        It affects your AC (+4).
   Int:       It affects your intelligence (+4).
   rF:        It protects you from fire.
 M - an amulet of regeneration (around neck)
Wands
 f - a wand of iceblast (5)
 A - a wand of polymorph (9)
 E - a wand of flame (10)
 O - a wand of acid (8)
Scrolls
 g - 4 scrolls of fog
 k - 4 scrolls of enchant weapon
 m - a scroll of amnesia {unknown}
 q - 5 scrolls of teleportation
 v - 3 scrolls of immolation
 y - a scroll of fear
 D - a scroll of brand weapon {unknown}
 G - a scroll of blinking {unknown}
 I - 2 scrolls of magic mapping {unknown}
 J - a scroll of holy word
 K - 2 scrolls of silence {unknown}
Potions
 c - 2 potions of brilliance
 h - 4 potions of might
 i - 2 potions of cancellation
 o - a potion of invisibility
 p - 4 potions of haste
 u - a potion of heal wounds
 w - a potion of resistance {unknown}
 z - 2 potions of berserk rage
 B - a potion of attraction {unknown}
 F - 5 potions of curing
 H - a potion of ambrosia {unknown}


   Skills:
 + Level 5.0 Fighting
 * Level 12.1 Short Blades
 + Level 1.5 Throwing
 + Level 4.2 Armour
 + Level 7.5 Dodging
 * Level 15.1 Stealth
 * Level 7.1 Spellcasting
 - Level 0.1 Conjurations
 * Level 9.8 Hexes
 * Level 3.0 Air Magic
 * Level 4.2 Invocations


You had 19 spell levels left.
You knew the following spells:

 Your Spells              Type           Power      Damage    Failure   Level
a - Confusing Touch       Hex            39%        N/A       1%          3
b - Magic Dart            Conj           24%        1d4       13%         1
c - Static Discharge      Conj/Air       11%        N/A       11%         2

Your spell library contained the following spells:

 Spells                   Type           Power      Damage    Failure   Level
 Gell's Gravitas          Tloc           3%         N/A       38%         3
 Metabolic Englaciation   Hex/Ice        11%        N/A       45%         5
 Yara's Violent Unravell  Hex/Tmut       11%        3d6       45%         5
 Petrify                  Tmut/Erth      6%         N/A       80%         4


Dungeon Overview and Level Annotations

Branches:
Dungeon (10/15)            Temple (0/1) D:7            Lair (2/6) D:9
 Spider (1/4) Lair:2          Orc (1/2) D:10        Ossuary (visited)
  Swamp: Lair:2-4    Shoals: Lair:2-4

Altars:
Gozag
Makhleb
Okawaru
Trog
Uskayaw
Vehumet
The Shining One

Shops:
D:4 [   D:6 =   D:8 !(?*(


Innate Abilities, Weirdness & Mutations

You do not regenerate when monsters are visible.
You are frail without blood (-20% HP).
You can heal yourself when you bite living creatures.
You are immune to poison.
You have razor-sharp teeth.
You have supernaturally acute eyesight. (SInv)
You are afflicted with vampirism and can become a bat while bloodless.
You are partially covered in iridescent scales. (AC +2)


Message History

The demonic crawler completely misses you.
The wolf spider hits you but does no damage.
The wolf spider bites you.
The demonic crawler hits you but does no damage.
The demonic crawler hits you!
* * * LOW HITPOINT WARNING * * *
The demonic crawler hits you but does no damage.
The demonic crawler closely misses you.
The demonic crawler hits you but does no damage. x2
The redback bites you but does no damage.
The redback bites you.
* * * LOW HITPOINT WARNING * * *
The demonic crawler hits you but does no damage.
The demonic crawler barely misses you. The demonic crawler closely misses you.
You climb upwards.
Welcome back to the Lair of Beasts!
There is a hole to the Spider Nest here.
As you read the scroll of fear, it crumbles to dust.
You assume a fearsome visage.
The wolf spider looks frightened!
The demonic crawler is unaffected.
The redback looks frightened! x2
The demonic crawler is unaffected. x2; The demonic crawler barely misses you.
The demonic crawler hits you.
* * * LOW HITPOINT WARNING * * *
The demonic crawler misses you.
The demonic crawler hits you but does no damage.
The demonic crawler barely misses you.
The demonic crawler hits you but does no damage.
The demonic crawler barely misses you.
The demonic crawler hits you but does no damage.
The demonic crawler closely misses you.
As you read the scroll of teleportation, it crumbles to dust.
You feel strangely unstable. The demonic crawler misses you.
The demonic crawler hits you but does no damage. x3
The demonic crawler completely misses you.
The demonic crawler barely misses you.
The demonic crawler hits you but does no damage.
The demonic crawler completely misses you.
The demonic crawler closely misses you.
Cornered, the redback turns to fight!
The demonic crawler hits you but does no damage.
The demonic crawler hits you.
You die...

##...### #P.###....## ##.# #
.......#####..###...# #P.###
.....#...#.#........## ##..##
.....................# #.###
....................#### ####..##
..}............###...#.###..P....
....^........###.#...............
............##.ss#...........[...
...........##..s@#...............
..........##^..s.###...#P####....
..........#^.^^.#############....
.........##....##.#.P.###P.##..#.
..†......#.^.s.#..............P##
#..<....##^.^###..............###
#......##^^s##................##.
#..........##.................#..
...........#.....................


You could see 3 demonic crawlers, a wolf spider (fleeing) and 2 redbacks.

Vanquished Creatures
  Gastronok (Lair:2)
  An orc warlord (Orc:1)
  A wolf spider (Lair:2)
  An orc knight (Orc:1)
  A manticore (D:7)
  6 centaur zombies
  Maurice (Orc:1)
  2 black mambas
  A gargoyle (D:10)
  3 cane toads
  2 komodo dragons
  A demonic crawler (Lair:2)
  Psyche (D:9)
  5 trolls
  A hornet (D:8)
  2 jumping spiders (Lair:2)
  Grinder (D:6)
  7 blink frogs (Lair:1)
  A redback (Lair:2)
  Sigmund (D:2)
  A shadow (D:10)
  19 yaks
  A wraith (D:9)
  A tarantella (Lair:2)
  3 basilisks
  A warg (Orc:1)
  2 water moccasins
  2 ice beasts
  3 black bears
  8 orc warriors
  A sky beast (D:6)
  A hornet zombie (D:6)
  4 necrophages
  6 ogres
  7 wolves
  3 centaurs
  3 phantoms
  Blork the orc (D:6)
  2 kobold brigands
  8 bullfrogs
  A wyvern zombie (D:7)
  23 scorpions
  A killer bee (D:7)
  3 water moccasin skeletons
  4 wights (D:7)
  A jelly (D:6)
  4 hounds
  7 orc priests
  3 centaur skeletons (D:7)
  3 bullfrog skeletons
  An iguana (D:4)
  9 orc wizards
  7 scorpion zombies
  A killer bee zombie (D:9)
  A hound skeleton (D:5)
  3 mummies (Ossuary)
  4 gnolls (D:4)
  5 adders
  2 howler monkey skeletons (D:5)
  A white imp (D:6)
  An adder skeleton (D:4)
  2 worms (D:2)
  3 dart slugs
  34 orcs
  9 bats
  6 endoplasms
  8 giant cockroaches
  A gnoll zombie (Ossuary)
  5 goblins
  16 hobgoblins
  6 jackals
  16 kobolds
  5 quokkas
  7 ball pythons
  2 frilled lizards (D:3)
  4 hobgoblin zombies (Ossuary)
  3 kobold zombies (Ossuary)
  6 rats
335 creatures vanquished.

Vanquished Creatures (collateral kills)
  A catoblepas (Lair:2)
  A bullfrog (Lair:2)
2 creatures vanquished.

Vanquished Creatures (others)
  45 fungi
  43 plants
88 creatures vanquished.

Grand Total: 425 creatures vanquished

Notes
Turn   | Place    | Note
-------+----------+-------------------------------------------
     0 | D:1      | Tocho the Vampire Gladiator began the quest for the Orb.
     0 | D:1      | Reached XP level 1. HP: 16/16 MP: 1/1
   135 | D:1      | Reached XP level 2. HP: 22/22 MP: 2/2
   166 | D:1      | Found a faded altar of an unknown god.
   656 | D:1      | Gained mutation: You are afflicted with vampirism and can
                  | become a bat while bloodless. [Vampire growth]
   656 | D:1      | Reached XP level 3. HP: 27/27 MP: 3/3
  1302 | D:2      | Found a radiant altar of Vehumet.
  1327 | D:2      | Became a worshipper of Vehumet
  1462 | D:2      | Noticed Sigmund
  2362 | D:2      | Killed Sigmund
  2363 | D:2      | Reached skill level 5 in Short Blades
  2363 | D:2      | Reached skill level 1 in Armour
  2363 | D:2      | Reached skill level 2 in Stealth
  2363 | D:2      | Reached skill level 1 in Spellcasting
  2363 | D:2      | Reached XP level 4. HP: 19/33 MP: 3/5
  2363 | D:2      | Reached XP level 5. HP: 22/38 MP: 3/6
  2369 | D:2      | Learned a level 3 spell: Confusing Touch
  2733 | D:3      | Reached * piety under Vehumet
  2733 | D:3      | Offered knowledge of Magic Dart by Vehumet.
  3304 | D:4      | Learned a level 1 spell: Magic Dart
  3312 | D:4      | Reached XP level 6. HP: 44/44 MP: 6/8
  3462 | D:4      | Reached skill level 3 in Stealth
  3612 | D:4      | Found a burning altar of Makhleb.
  3617 | D:4      | Reached skill level 4 in Stealth
  3698 | D:4      | Reached XP level 7. HP: 36/51 MP: 9/9
  3758 | D:4      | Reached skill level 5 in Stealth
  3796 | D:4      | Reached ** piety under Vehumet
  3796 | D:4      | Offered knowledge of Static Discharge by Vehumet.
  3800 | D:4      | Learned a level 2 spell: Static Discharge
  3889 | D:4      | Fell from the grace of Vehumet
  3889 | D:4      | Became a worshipper of Makhleb the Destroyer
  4018 | D:4      | Found Xisunass's Armour Boutique.
  4207 | D:5      | Entered Level 5 of the Dungeon
  4248 | D:5      | Reached skill level 6 in Stealth
  4248 | D:5      | Reached skill level 1 in Hexes
  4343 | D:5      | Identified the +5 leather armour of the Beekeeper {rF- rC+
                  | Regen+ rCorr}
  4348 | D:5      | Identified the ring "Roggatuimy" {rF+ AC+4 Int+4}
  4483 | D:5      | Reached skill level 7 in Stealth
  4510 | D:5      | Reached XP level 8. HP: 57/57 MP: 10/12
  4561 | D:5      | Found a bloodstained altar of Trog.
  4571 | D:5      | Reached skill level 8 in Stealth
  4712 | D:5      | Reached skill level 5 in Dodging
  4801 | D:5      | Reached * piety under Makhleb
  4857 | D:5      | Reached skill level 9 in Stealth
  5079 | D:6      | Reached XP level 9. HP: 63/63 MP: 13/13
  5120 | D:6      | Noticed Grinder
  5129 | D:6      | Killed Grinder
  5178 | D:6      | Found Luovih's Jewellery Shop.
  5247 | D:6      | Noticed Blork the orc
  5258 | D:6      | Killed Blork the orc
  5267 | D:6      | Upgraded the game from 0.27-a0-1378-gdefffd1ff6 to
                  | 0.27-a0-1384-g1422d76b99
  5469 | D:6      | Found an opulent altar of Gozag.
  5472 | D:6      | Found a hide-covered altar of Uskayaw.
  5478 | D:6      | Found an iron altar of Okawaru.
  5491 | D:6      | Reached skill level 10 in Stealth
  5653 | D:7      | Reached skill level 5 in Hexes
  5733 | D:7      | Found a staircase to the Ecumenical Temple.
  5803 | D:7      | Reached ** piety under Makhleb
  6104 | D:7      | Noticed a manticore
  6108 | D:7      | Killed a manticore
  6109 | D:7      | Reached XP level 10. HP: 71/71 MP: 16/16
  6123 | D:7      | Found a runed translucent door.
  6125 | D:7      | Found a runed translucent door.
  6130 | D:7      | Reached skill level 11 in Stealth
  6153 | D:7      | Reached skill level 10 in Short Blades
  6527 | D:8      | Found Lyca's Antique Weapon Emporium.
  6606 | D:8      | Found a sand-covered staircase.
  6615 | Ossuary  | Entered an ossuary
  6702 | Ossuary  | Reached *** piety under Makhleb
  6983 | D:8      | Gained mutation: You are somewhat resistant to further
                  | mutation. [potion of mutation]
  6984 | D:8      | Lost mutation: You are somewhat resistant to further
                  | mutation. [potion of mutation]
  6984 | D:8      | Gained mutation: Your magical capacity is low. (-10% MP)
                  | [potion of mutation]
  6984 | D:8      | Gained mutation: Potions are less effective at restoring
                  | your health. [potion of mutation]
  6984 | D:8      | Gained mutation: Your mind is acute. (Int +2) [potion of
                  | mutation]
  6985 | D:8      | Lost mutation: Your magical capacity is low. (-10% MP)
                  | [potion of mutation]
  6985 | D:8      | Lost mutation: Your mind is acute. (Int +2) [potion of
                  | mutation]
  6985 | D:8      | Gained mutation: You are robust. (+10% HP) [potion of
                  | mutation]
  6986 | D:8      | Lost mutation: Potions are less effective at restoring your
                  | health. [potion of mutation]
  6986 | D:8      | Lost mutation: You are robust. (+10% HP) [potion of
                  | mutation]
  6986 | D:8      | Gained mutation: You are partially covered in iridescent
                  | scales. (AC +2) [potion of mutation]
  7084 | D:8      | Reached skill level 12 in Stealth
  7150 | D:8      | Found Pasoseq's Distillery.
  7159 | D:8      | Bought a potion of might for 48 gold pieces
  7159 | D:8      | Bought 2 potions of heal wounds for 120 gold pieces
  7159 | D:8      | Bought a potion of heal wounds for 60 gold pieces
  7159 | D:8      | Bought a potion of curing for 36 gold pieces
  7276 | D:8      | Found Vumeub's Assorted Antiques.
  7472 | D:8      | Found Huthem's Magic Scroll Emporium.
  7482 | D:8      | Bought a scroll of identify for 32 gold pieces
  7482 | D:8      | Bought a scroll of identify for 32 gold pieces
  7482 | D:8      | Bought a scroll of identify for 32 gold pieces
  7512 | D:8      | Found Nousemp's Antique Weapon Emporium.
  7839 | D:9      | Found a staircase to the Lair.
  7848 | D:9      | Reached skill level 5 in Spellcasting
  7930 | D:9      | Noticed Psyche
  7990 | D:9      | Killed Psyche
  8132 | D:9      | Reached XP level 11. HP: 74/77 MP: 16/19
  8141 | D:9      | Reached **** piety under Makhleb
  8142 | D:9      | Reached skill level 1 in Invocations
  8392 | D:9      | Noticed a deep elf knight
  8475 | D:10     | Entered Level 10 of the Dungeon
  8518 | D:10     | Found a staircase to the Orcish Mines.
  8573 | D:10     | Noticed a sea snake
  8624 | D:10     | Reached skill level 13 in Stealth
  9320 | Orc:1    | Entered Level 1 of the Orcish Mines
  9486 | Orc:1    | Noticed Maurice
  9502 | Orc:1    | Killed Maurice
  9633 | Orc:1    | Noticed an orc knight
  9648 | Orc:1    | Killed an orc knight
  9764 | Orc:1    | Noticed an orc warlord
  9946 | Orc:1    | Killed an orc warlord
 10170 | D:8      | Bought a blackened rapier for 189 gold pieces
 10170 | D:8      | Identified the +6 rapier "Lija" {vorpal, rN+ Will+ Stlth+}
                  | (You bought it in a shop on level 8 of the Dungeon)
 10288 | D:8      | Bought a potion of invisibility for 96 gold pieces
 10418 | D:8      | Bought a scroll labelled DAEFEN ZYHAE for 24 gold pieces
 10418 | D:8      | Bought a scroll of fear for 84 gold pieces
 10428 | D:8      | Was forgiven by Vehumet
 10488 | D:9      | Identified the +6 lajatang of Honesty {holy, +Blink rCorr}
 10537 | Lair:1   | Entered Level 1 of the Lair of Beasts
 10573 | D:9      | Reached skill level 14 in Stealth
 10573 | D:9      | HP: 3/78 [cane toad (10)]
 10732 | Lair:1   | Reached skill level 1 in Air Magic
 11012 | Lair:1   | Reached XP level 12. HP: 84/84 MP: 20/22
 11552 | Lair:2   | Noticed a catoblepas
 11622 | Lair:2   | Reached ***** piety under Makhleb
 11663 | Lair:2   | Killed a catoblepas
 11917 | Lair:2   | Noticed Gastronok
 11952 | Lair:2   | Killed Gastronok
 12234 | Lair:2   | Found a hole to the Spider Nest.
 12262 | Lair:2   | Reached skill level 15 in Stealth
 12427 | Spider:1 | Entered Level 1 of the Spider Nest
 12427 | Spider:1 | Noticed a boulder beetle
 12540 | Lair:2   | Reached skill level 5 in Fighting
 12703 | Lair:2   | Slain by a demonic crawler

Illustrated notes

Levels and vault maps discovered:
D:1:      lemuel_arrival_hallway, layout_basic,
          chequers_ecumenical_altar_simple_redux
D:2:      layout_basic, basic_altar, uniq_sigmund
D:3:      layout_loops_ring
D:4:      layout_loops_ring, makhleb_blood_cavern_becter, serial_shops,
          nicolae_take_the_stairs
D:5:      layout_basic, trog_ov_bears_minmay
D:6:      layout_basic, grunt_temple_overflow_cloverleaf, serial_shops,
          nicolae_shop_trees, uniq_grinder, uniq_blork_the_orc
D:7:      lemuel_insect_pit, layout_cave_pods, minmay_temple_entry_crystal_x,
          st_stairs_4
D:8:      layout_loops_ring, serial_shops, nicolae_shop_overgrown_old_shop,
          nicolae_shop_trees, nicolae_shop_trees,
          nicolae_shop_overgrown_old_shop, nicolae_shop_behind_doors,
          enter_ossuary_1, kennysheep_minor_cross
D:9:      layout_roguey, due_lair_maze_entry_diamond, kennysheep_island_fort,
          uniq_psyche
D:10:     layout_loops_ring, serial_aquarium, aquarium_bridge_straight
          [aquarium_subvault_bridge, aquarium_subvault_wall,
          aquarium_subvault_bridge, aquarium_subvault_window],
          aquarium_bridge_square [aquarium_subvault_window,
          aquarium_subvault_wall, aquarium_subvault_wall,
          aquarium_subvault_bridge], aquarium_window_fake, aquarium_window_1,
          aquarium_window_fake, aquarium_view_2d, aquarium_view_2e,
          aquarium_balcony_1b, aquarium_pool_2
Lair:1:   layout_misc_corridors, serial_bayou_pond_c, fungi_pond_lemuel
Lair:2:   layout_small_grid, spider_nest_entry_funnel_web, uniq_gastronok
Spider:1: layout_spider_delve
Orc:1:    layout_diamond_mine, uniq_maurice

Skill      XL: |  1  2  3  4  5  6  7  8  9 10 11 12 |
---------------+-------------------------------------+-----
Dodging        | 4 5 6 7 |  7.5
Short Blades   | 5 6 7 8 9 10 11 12 | 12.1
Fighting       | 2 3 4 5 |  5.0
Armour         | 1 2 3 4 |  4.2
Stealth        | 2 4 7 9 10 12 14 15 | 15.1
Spellcasting   | 1 2 3 4 5 6 7 |  7.1
Hexes          | 2 4 6 7 9 |  9.8
Invocations    | 3 4 |  4.2
Air Magic      | 1 3 |  3.0
Throwing       | |  1.5
Conjurations   | |  0.1

Action                   |  1- 3 |  4- 6 |  7- 9 | 10-12 || total
-------------------------+-------+-------+-------+-------++-------
Melee: Rapier            |   131 |       |       |   245 ||   376
       Bite              |    12 |    11 |    42 |    98 ||   163
       Short sword       |     6 |   112 |   282 |   588 ||   988
 Cast: Magic Dart        |       |     4 |       |       ||     4
       Confusing Touch   |       |       |       |    30 ||    30
Invok: Lesser Servant of |       |       |       |     1 ||     1
 Abil: Exsanguinate      |       |       |       |     1 ||     1
  Use: Scroll            |     4 |       |       |    18 ||    22
       Potion            |     1 |       |       |    18 ||    19
 Stab: Sleeping          |     2 |     5 |    20 |    29 ||    56
       Confused          |       |       |       |    27 ||    27
       Distracted        |       |       |       |     2 ||     2
       Petrified         |       |       |       |     1 ||     1
Armor: Leather armour    |    46 |       |    72 |   345 ||   463
       Robe              |       |    18 |     4 |       ||    22
       Skin              |       |       |       |     1 ||     1
Dodge: Dodged            |    85 |    63 |   139 |   545 ||   832

Table legend: (Time is in decaauts)
 A = Elapsed time spent in this place.
 B = Non-inter-level travel time spent in this place.
 C = Inter-level travel time spent in this place.
 D = Time resting spent in this place.
 E = Time spent auto-exploring this place.
 F = Levels seen in this place.
 G = Mean time per level.
                   A        B        C        D        E       F      G
               +--------+--------+--------+--------+--------+-----+--------+
         Total |  12216 |  11090 |   1126 |    627 |   7518 |  15 |  814.4 |
       Dungeon |   9256 |   8246 |   1010 |    461 |   5828 |  10 |  925.6 |
          Lair |   1949 |   1883 |     66 |    166 |   1226 |   2 |  974.5 |
   Spider Nest |     16 |     16 |      0 |      0 |      0 |   1 |   16.0 |
  Orcish Mines |    681 |    631 |     50 |      0 |    308 |   1 |  681.0 |
       Ossuary |    312 |    312 |      0 |      0 |    155 |   1 |  312.0 |
               +--------+--------+--------+--------+--------+-----+--------+

Top non-repeatable levels by time:
     D:1: 1405 daAuts
  Lair:2: 1095 daAuts
     D:8: 1042 daAuts
     D:2: 1028 daAuts
     D:9: 1015 daAuts
     D:4: 977 daAuts
  Lair:1: 853 daAuts
     D:7: 832 daAuts
    D:10: 823 daAuts
     D:3: 757 daAuts
     D:5: 751 daAuts
   Orc:1: 681 daAuts
     D:6: 621 daAuts
 Ossuary: 312 daAuts
Spider:1: 16 daAuts
